Map: Jagannatha LE

Players

DroneKingPri

  • Race: Zerg Zerg
  • League: Diamond

ViBE - Winner!

  • Race: Zerg Zerg
  • League: Master

VOD

Have the link to the VOD?

Description

Time

  • Played on: May 5, 2021, 6:54 p.m.
  • Length: 10:01
Show
View Real Time Build Order
Export as new Build Order

DroneKingPri Zerg 

Build Orders: 1 Base Baneling Bust, Pool First, Zergling Baneling 

Get SALT Encoding   

  12  0:03  Drone  
  13  0:16  Overlord  
  13  0:17  Drone  
  14  0:23  Extractor  
  13  0:37  Spawning Pool  
  13  0:41  Drone  
  13  0:45  Drone  
  14  0:53  Drone  
  15  1:12  Overlord  
  15  1:25  Metabolic Boost  
  15  1:26  Zergling x2  
  15  1:27  Zergling x4  
  18  1:43  Zergling x2  
  19  1:52  Baneling Nest  
  18  2:01  Zergling x4  
  20  2:02  Queen  
  22  2:24  Zergling x4  
  24  2:32  Zergling x2  
  25  2:51  Zergling x2  
  23  3:00  Zergling x2  
  24  3:06  Baneling  
  24  3:07  Baneling x3  
  24  3:09  Zergling x2  
  24  3:11  Zergling x6  
  28  3:17  Overlord  
  25  3:39  Zergling x4  
  25  3:42  Zergling x6  
  26  4:07  Drone x2, Baneling x3  
  27  4:18  Hatchery  
  27  4:20  Baneling x3  
  27  4:21  Baneling  
  26  4:26  Drone  
  27  4:36  Baneling x3  
  27  4:37  Baneling  
  27  4:40  Drone  
  27  4:44  Baneling x2  
  28  4:46  Baneling  
  28  4:53  Drone  
  28  4:54  Drone  
  21  5:16  Drone x5  
  26  5:26  Drone  
  27  5:32  Queen  
  27  5:34  Drone  
  27  5:35  Drone  
  31  5:45  Drone x2, Zergling x2  
  31  5:46  Drone  
  35  5:57  Overlord  
  35  6:02  Drone  
  36  6:08  Baneling  
  36  6:09  Baneling, Overlord  
  36  6:18  Overlord x2  
  36  6:22  Roach Warren  
  35  6:26  Extractor  
  35  6:31  Spine Crawler  
  33  6:43  Extractor  
  32  6:56  Extractor  
  31  7:04  Roach  
  31  7:05  Roach x6  
  31  7:06  Roach x5  
  55  7:15  Roach x2  
  59  7:16  Roach  
  61  7:28  Ravager  
  61  7:29  Ravager  
  63  7:35  Ravager  
  64  7:48  Roach x2  
  64  7:50  Overlord  
  64  7:51  Overlord  
  68  8:10  Ravager x3  
  68  8:11  Ravager x2  
  73  8:13  Zergling x2  
  73  8:14  Zergling x6  
  70  8:31  Zergling x6  
  70  8:32  Zergling x4  
  69  8:40  Zergling x2  
  69  8:41  Zergling x4  
  35  9:18  Roach x6  
  35  9:19  Roach  
Show
View Real Time Build Order
Export as new Build Order

ViBE Zerg - Winner!

Build Orders: Pool First 

Get SALT Encoding   

  12  0:18  Spawning Pool  
  11  0:22  Drone  
  11  0:27  Drone  
  13  0:32  Drone  
  14  0:41  Overlord  
  14  1:05  Zergling x6  
  17  1:16  Hatchery  
  16  1:20  Zergling x2  
  17  1:30  Queen  
  19  1:35  Zergling x2  
  20  1:41  Zergling x2  
  21  1:49  Zergling x2  
  22  2:16  Spine Crawler  
  21  2:27  Queen  
  21  2:28  Queen  
  21  2:29  Drone x3  
  27  2:49  Drone x3  
  27  2:55  Drone  
  27  2:56  Drone  
  26  3:06  Spine Crawler  
  26  3:07  Queen  
  26  3:12  Drone  
  28  3:38  Overlord  
  28  3:39  Overlord  
  28  3:46  Spine Crawler  
  27  3:51  Drone  
  28  4:04  Drone x8  
  28  4:09  Queen  
  36  4:10  Queen  
  40  4:30  Drone x4  
  44  4:38  Overlord  
  44  4:41  Overlord  
  44  4:51  Extractor  
  43  4:52  Extractor  
  43  4:53  Extractor  
  43  4:55  Drone x3  
  43  4:56  Drone x4  
  43  4:58  Drone  
  40  5:16  Drone, Hatchery  
  40  5:24  Drone  
  40  5:25  Drone x3  
  44  5:44  Drone x2  
  46  5:59  Drone  
  47  6:08  Drone  
  48  6:13  Lair, Overlord  
  48  6:14  Overlord x2  
  48  6:38  Evolution Chamber  
  48  6:39  Roach Warren  
  46  6:40  Drone x4  
  50  6:47  Drone  
  51  6:58  Overlord  
  51  6:59  Hatchery  
  51  7:00  Drone  
  51  7:10  Zerg Missile Weapons Level 1  
  51  7:12  Drone x3  
  54  7:21  Glial Reconstitution  
  54  7:24  Roach x7  
  54  7:25  Overseer  
  68  7:44  Drone x8  
  76  8:00  Drone x3  
  79  8:11  Evolution Chamber  
  78  8:13  Roach  
  78  8:14  Roach x5  
  87  8:32  Roach x4  
  83  8:36  Roach x5  
  83  8:50  Roach x4  
  86  9:01  Roach x5  
  90  9:04  Queen  
  90  9:06  Queen  
  89  9:17  Roach  
  89  9:22  Drone x2  
  89  9:23  Drone  
  90  9:34  Overlord x2  
  90  9:35  Overlord x3  
Tags
 
Add a new tag
Caveats
  • Supply blocks, unpowered buildings, or Contaminate may cause inaccurate times.
  • Supply counts are checked every 10 seconds.